 Seeded DCSS version 0.30-a0-777-ga9a30cbeda (webtiles) character file.

Game seed: 6784386498322956157 (custom seed)

93 a11behringer the Chopper (level 4, -1/41 HPs)
             Began as a Minotaur Berserker on Feb 14, 2023.
             Was a Believer of Trog.
             Slain by Grinder (3 damage)
             ... on level 3 of the Dungeon.
             The game lasted 00:04:18 (1800 turns).

a11behringer the Chopper (Minotaur Berserker)       Turns: 1800, Time: 00:04:20

Health: -1/41      AC:  2    Str: 24    XL:     4   Next: 36%
Magic:  3/3        EV:  9    Int:  4    God:    Trog [**....]
Gold:   68         SH:  0    Dex:  9    Spells: 3/3 levels left

rFire   . . .      SeeInvis .    a - +0 hand axe
rCold   . . .      Faith    .    (no shield)
rNeg    . . .      Spirit   .    b - +0 animal skin
rPois   .          Reflect  .    (helmet restricted)
rElec   .          Harm     .    (no cloak)
rCorr   .          Rampage  .    (no gloves)
Will    .....                    (no boots)
Stlth   +                        (no amulet)
HPRegen 0.26/turn                (no ring)
MPRegen 0.08/turn                (no ring)

@: grasped by roots, on berserk cooldown, slowed, constricted, very slow
A: horns 2, retaliatory headbutt
a: Renounce Religion, Berserk, Trog's Hand


You were on level 3 of the Dungeon.
You worshipped Trog.
Trog was pleased with you.
You visited 1 branch of the dungeon, and saw 3 of its levels.

You collected 68 gold pieces.

Inventory:

Hand Weapons
 a - a +0 hand axe (weapon)
Armour
 b - a +0 animal skin (worn)
Wands
 m - a wand of digging (7)
Scrolls
 c - a scroll of magic mapping {unknown}
 d - a scroll of summoning {unknown}
 e - a scroll of enchant armour {unknown}
 f - a scroll of fear {unknown}
 i - a scroll of noise {unknown}
 j - a scroll of teleportation {unknown}
 k - a scroll of silence {unknown}
 n - a scroll of identify {unknown}
Potions
 g - 2 potions of heal wounds {unknown}
 h - 3 potions of curing {unknown}
 l - a potion of degeneration {unknown}


   Skills:
 + Level 4.4 Fighting
 * Level 4.8 Axes
 + Level 3.2 Armour
 + Level 3.0 Dodging


You had 3 spell levels left.
You didn't know any spells.
Your spell library was empty.

Dungeon Overview and Level Annotations

Branches:
Dungeon (3/15)

Altars:
Ashenzari
Vehumet
Wu Jian
Zin

Shops:
D:1 (

Annotations:
D:3 Grinder


Innate Abilities, Weirdness & Mutations

You have a pair of horns on your head.
You reflexively headbutt those who attack you in melee.


Message History

Grinder seems to grow stronger.
Found a glowing clear potion.
You see here a hobgoblin corpse.
You closely miss Grinder. You hit the worm. Grinder hits you!
* * * LOW HITPOINT WARNING * * *
You writhe in agony.
* * * LOW HITPOINT WARNING * * *
The worm barely misses you. You furiously retaliate!
You headbutt the worm!
You kill the worm!
Trog accepts your kill.
Your Dodging skill increases to level 3!
You slash Grinder! You headbutt Grinder!
Grinder is heavily wounded.
A kobold comes into view. It is wielding a +0 dagger.
Grinder blinks!
You feel a strong urge to attack something.
You feel the effects of Trog's Hand fading.
Grinder blinks!
You feel your anger nearly subside.
You are no longer berserk.
You are exhausted.
You feel yourself slow down.
You closely miss Grinder. Your headbutt misses Grinder.
Grinder is heavily wounded.
Grinder barely misses you. You furiously retaliate!
You headbutt Grinder!
Grinder zaps a wand.
The roots erupt in riotous growth!
The grasping roots grab you!
Grinder is unaffected.
The grasping roots constrict you.
* * * LOW HITPOINT WARNING * * *
A hobgoblin comes into view.
The hobgoblin shouts!
You barely miss Grinder. You headbutt Grinder, but do no damage.
You punch Grinder, but do no damage.
Grinder is almost dead.
You hit the kobold.
You kill the kobold!
Trog accepts your kill.
Your skin stops crawling.
You feel less strong-willed.
Grinder rolls her eyes.
Grinder hits you.
You die...

.######..##### .#
.# ##.....##.## .#
####......# .#
###......# .#
#.g......#
#...#......####
#.###.........##
...###.##†).....##
..
.........@5....# [
. #.......)......#
.#.
#..............#
...
................#
...
.######.........#
.## ........$.#
... ..!........#
... ............#
... ............


You could see Grinder (strong) and a hobgoblin.

Vanquished Creatures
  3 adders
  2 worms (D:3)
  A dart slug (D:2)
  5 bats
  3 endoplasms
  3 giant cockroaches
  8 goblins
  7 hobgoblins
  2 quokkas
  6 ball pythons
  4 frilled lizards
  5 kobolds
  8 rats
57 creatures vanquished.

Vanquished Creatures (others)
  2 rats (D:2)
2 creatures vanquished.

Grand Total: 59 creatures vanquished

Notes
Turn   | Place    | Note
-------+----------+-------------------------------------------
     0 | D:1      | a11behringer the Minotaur Berserker began the quest for the
                  | Orb.
     0 | D:1      | Reached XP level 1. HP: 19/19 MP: 0/0
   108 | D:1      | Found Tecaps's Weapon Shop.
   135 | D:1      | Found a faded altar of an unknown god.
   201 | D:1      | Reached XP level 2. HP: 27/27 MP: 1/1
   728 | D:1      | Reached XP level 3. HP: 27/33 MP: 2/2
   962 | D:2      | Reached ** piety under Trog
  1501 | D:3      | Found an ornate altar of the Wu Jian Council.
  1509 | D:3      | Found a radiant altar of Vehumet.
  1509 | D:3      | Found a broken altar of Ashenzari.
  1510 | D:3      | Found a glowing silver altar of Zin.
  1516 | D:3      | Reached XP level 4. HP: 40/40 MP: 3/3
  1782 | D:3      | Noticed Grinder
  1799 | D:3      | HP: 2/41 [constriction (6)]
  1800 | D:3      | Slain by Grinder

Illustrated notes

Levels and vault maps discovered:
D:1:      onia_arrival_pentagram, layout_loops_ring,
          dreamdust_ecumenical_altar_statues, serial_shops, nicolae_square_shop
D:2:      layout_loops_ring, lemuel_flame_loot_1
D:3:      minmay_door_path, layout_rooms, grunt_temple_overflow_open,
          okawaru_gym_becter, minmay_close_crescents, uniq_grinder

Skill      XL: |  1  2  3  4 |
---------------+-------------+-----
Axes           | 4 |  4.8
Fighting       | 4 |  4.4
Armour         | 3 |  3.2
Dodging        | 3 |  3.0

Action                     |  1- 3 |  4- 6 || total
---------------------------+-------+-------++-------
  Melee: Hand axe          |    86 |    31 ||   117
         Headbutt          |     9 |     6 ||    15
         Punch             |       |     1 ||     1
 Invoke: Berserk           |       |     1 ||     1
         Trog's Hand       |       |     1 ||     1
   Stab: Sleeping          |     2 |       ||     2
 Armour: Animal skin       |    16 |     7 ||    23
  Dodge: Dodged            |    64 |    14 ||    78

Table legend: (Time is in decaauts)
 A = Elapsed time spent in this place.
 B = Non-inter-level travel time spent in this place.
 C = Inter-level travel time spent in this place.
 D = Time resting spent in this place.
 E = Time spent auto-exploring this place.
 F = Levels seen in this place.
 G = Mean time per level.
                   A        B        C        D        E       F      G
               +--------+--------+--------+--------+--------+-----+--------+
         Total |   1806 |   1740 |     66 |      0 |   1417 |   3 |  602.0 |
       Dungeon |   1806 |   1740 |     66 |      0 |   1417 |   3 |  602.0 |
               +--------+--------+--------+--------+--------+-----+--------+

Top non-repeatable levels by time:
     D:1: 796 daAuts
     D:2: 712 daAuts
     D:3: 298 daAuts
